 Dungeon Crawl Stone Soup version 0.27.1-34-g3ba077fa99 (webtiles) character file.

Game seed: 17259434283957091797

417 Karpo the Covert (level 6, -3/28 HPs)
             Began as a Spriggan Enchanter on Jan 26, 2022.
             Was an Initiate of Dithmenos.
             Killed from afar by kalagan's ghost (7 damage)
             ... with a magic dart
             ... on level 4 of the Dungeon.
             The game lasted 00:13:32 (4506 turns).

Karpo the Covert (Spriggan Enchanter)               Turns: 4506, Time: 00:13:33

Health: -3/28      AC:  5    Str:  4    XL:     6   Next: 61%
Magic:  12/12      EV: 17    Int: 17    God:    Dithmenos [......]
Gold:   177        SH:  0    Dex: 17    Spells: 2/12 levels left

rFire    . . .     SeeInvis +   a - +1 dagger
rCold    . . .     Faith    .   (shield restricted)
rNeg     . . .     Spirit   .   b - +0 robe
rPois    .         Reflect  .   (helmet restricted)
rElec    .         Harm     .   i - +2 cloak {Stlth+}
rCorr    .         Rampage  .   (gloves unavailable)
Will     +....                  (boots unavailable)
Stlth    +++++.....             (no amulet)
HPRegen  0.09/turn              (no ring)
MPRegen  0.13/turn              (no ring)

@: very quick
A: very small, no large weapons, unfitting armour, see invisible, speed 3
a: Renounce Religion


You were on level 4 of the Dungeon.
You worshipped Dithmenos.
Dithmenos was noncommittal.
You visited 1 branch of the dungeon, and saw 5 of its levels.

You collected 177 gold pieces.

Inventory:

Hand Weapons
 a - a +1 dagger (weapon)
 f - a +3 quarterstaff of chaos
 h - a +1 vampiric short sword
Armour
 b - a +0 robe (worn)
 c - a +1 cloak
 i - a +2 cloak of stealth (worn)
 m - a +0 buckler
Scrolls
 j - a scroll of identify
 o - a scroll of acquirement
Potions
 d - a potion of curing
 e - 2 potions of brilliance {unknown}
 g - a potion of berserk rage {unknown}
 n - 2 potions of haste


   Skills:
 - Level 5.0 Short Blades
 - Level 2.6 Dodging
 - Level 8.0 Stealth
 + Level 3.6 Spellcasting
 + Level 4.4 Hexes


You had 2 spell levels left.
You knew the following spells:

 Your Spells              Type           Power      Damage    Failure   Level
a - Tukima's Dance        Hex            18%        N/A       8%          3
b - Ensorcelled Hibernat  Hex/Ice        20%        N/A       10%         2
c - Confusing Touch       Hex            18%        N/A       8%          3
d - Blink                 Tloc           N/A        N/A       24%         2

Your spell library contained the following spells:

 Spells                   Type           Power      Damage    Failure   Level
 Corona                   Hex            20%        N/A       2%          1
 Shock                    Conj/Air       12%        1d3       16%         1
 Dazzling Flash           Conj/Hex       20%        N/A       21%         3
 Frozen Ramparts          Ice            6%         1d2       43%         3
 Gell's Gravitas          Tloc           1%         N/A       43%         3
 Lesser Beckoning         Tloc           1%         N/A       43%         3
 Ozocubu's Armour         Ice            3%         N/A       43%         3
 Swiftness                Air            3%         N/A       43%         3
 Teleport Other           Tloc           3%         N/A       43%         3
 Airstrike                Air            1%         N/A       85%         4
 Ice Form                 Ice/Tmut       3%         N/A       85%         4
 Summon Ice Beast         Ice/Summ       3%         N/A       85%         4
 Manifold Assault         Tloc           3%         N/A       99%         5
 Dispersal                Tloc           1%         N/A       100%        6
 Ozocubu's Refrigeration  Ice            1%         4d5       100%        7


Dungeon Overview and Level Annotations

Branches:
Dungeon (5/15)
 Temple: D:4-7

Altars:
Dithmenos
Makhleb
Nemelex Xobeh
Xom
Yredelemnul
Zin

Annotations:
D:4 1 runed translucent door, kalagan's ghost, novice DECj


Innate Abilities, Weirdness & Mutations

You are very small and have problems with some larger weapons.
You are too small for most types of armour.
You have supernaturally acute eyesight. (SInv)
You cover ground extremely quickly. (Speed+++)


Message History

You closely miss the adder.
The adder is heavily wounded.
The adder bites you.
You are poisoned.
The adder poisons you!
Kalagan's ghost hits the adder.
The adder is killed!
Dithmenos accepts your kill.
You feel sick.
There is an open translucent door, spattered with blood here.
You see here an adder corpse.
You enter the shallow water.
Moving in this stuff is going to be slow.
You feel sick. Kalagan's ghost misses you.
You hit kalagan's ghost but do no damage.
Kalagan's ghost is heavily damaged.
You feel sick.
You hit kalagan's ghost.
Kalagan's ghost is severely damaged.
You feel sick.
You hit kalagan's ghost.
Kalagan's ghost is severely damaged.
You feel sick.
Kalagan's ghost hits you but does no damage.
Your unstable footing causes you to fumble your attack.
You feel sick.
You are no longer poisoned.
You hit kalagan's ghost.
Kalagan's ghost is severely damaged.
You hit kalagan's ghost but do no damage.
Kalagan's ghost is severely damaged.
Kalagan's ghost seems less confused.
Kalagan's ghost says, "You will never get the ORB!"
Kalagan's ghost misses you.
Your unstable footing causes you to fumble your attack.
There is an open translucent door, spattered with blood here.
You see here an adder corpse.
Kalagan's ghost says, "You will never get the ORB!"
Kalagan's ghost casts a spell at you. The magic dart hits you!
You die...

#.# #≈$≈#
#### #.#
#≈≈≈# ...#
#.# #≈≈≈#
##.# #.#
#≈≈≈# ##.#
#.# ###≈≈≈#
[..#######.#
#.##W##
...........#
#.....#
#..#########
#....## ##.#
#@#### #.#
#.#
##.##########
#.#
#....>......#
#.#
#....######.#
#.# #.##.#
#.# #.#
#.##.# #.#
#.# #.##.#
#.# #.#
...#.## #.#
#.####


You could see kalagan's ghost.

Vanquished Creatures
  A scorpion (D:4)
  A centaur zombie (D:4)
  A jelly (D:4)
  A gnoll shaman (D:5)
  An orc priest (D:3)
  Crazy Yiuf (D:4)
  A hound (D:4)
  An iguana (D:4)
  2 gnolls (D:5)
  5 adders
  A white imp (D:3)
  An adder skeleton (D:2)
  A dart slug (D:1)
  3 orcs (D:3)
  7 bats
  9 endoplasms
  2 giant cockroaches
  4 goblins
  7 hobgoblins
  2 jackals (D:2)
  7 kobolds
  2 quokkas
  13 ball pythons
  4 frilled lizards
  5 rats
83 creatures vanquished.

Vanquished Creatures (others)
  A frilled lizard (D:3)
1 creature vanquished.

Grand Total: 84 creatures vanquished

Notes
Turn   | Place    | Note
-------+----------+-------------------------------------------
     0 | D:1      | Karpo the Spriggan Enchanter began the quest for the Orb.
     0 | D:1      | Reached XP level 1. HP: 9/9 MP: 5/5
   183 | D:2      | Reached XP level 2. HP: 13/13 MP: 6/6
   201 | D:1      | Reached skill level 5 in Stealth
   255 | D:1      | Learned a level 2 spell: Ensorcelled Hibernation
   369 | D:1      | Found a faded altar of an unknown god.
   899 | D:2      | Reached XP level 3. HP: 8/16 MP: 2/8
  1415 | D:2      | Reached skill level 6 in Stealth
  1422 | D:2      | Learned a level 3 spell: Confusing Touch
  1628 | D:2      | Found a glowing silver altar of Zin.
  1820 | D:3      | Reached XP level 4. HP: 21/21 MP: 9/9
  1901 | D:3      | Found a shimmering altar of Xom.
  2420 | D:3      | Found a shadowy altar of Dithmenos.
  2426 | D:3      | Became a worshipper of Dithmenos the Shadowed
  2633 | D:3      | Found a sparkling altar of Nemelex Xobeh.
  2787 | D:3      | Reached skill level 7 in Stealth
  2794 | D:3      | Reached XP level 5. HP: 16/24 MP: 1/10
  3182 | D:3      | Found a burning altar of Makhleb.
  3191 | D:3      | Found a basalt altar of Yredelemnul.
  3268 | D:4      | Identified a scroll of acquirement
  3381 | D:4      | Found a runed translucent door.
  3382 | D:4      | Noticed kalagan's ghost (novice DECj)
  3690 | D:5      | Entered Level 5 of the Dungeon
  3694 | D:5      | Noticed an ogre
  3729 | D:4      | Reached skill level 8 in Stealth
  3915 | D:4      | Reached XP level 6. HP: 16/28 MP: 9/11
  4046 | D:4      | Learned a level 3 spell: Tukima's Dance
  4049 | D:4      | Learned a level 2 spell: Blink
  4159 | D:4      | Found a runed translucent door.
  4160 | D:4      | Noticed Crazy Yiuf
  4167 | D:4      | Killed Crazy Yiuf
  4168 | D:4      | Reached skill level 5 in Short Blades
  4459 | D:4      | Found a runed translucent door.
  4506 | D:4      | Killed from afar by kalagan's ghost

Illustrated notes

Levels and vault maps discovered:
D:1:      co_arrival_random_square_maze, layout_rooms, basic_ecumenical_altar,
          minmay_tromino_v4_b
D:2:      layout_basic, basic_altar
D:3:      layout_rooms, grunt_dithmenos_smoke, nicolae_overflow_crystal_walls,
          mainiacjoe_overflow_swirl, mainiacjoe_overflow_24_doors,
          grunt_ministairs_13, minmay_misc_feat_hallway, kennysheep_donut,
          minmay_box_of_dots
D:4:      layout_loops_ring, ebering_ghost_sewer_f, uniq_crazy_yiuf_cottage
D:5:      layout_loops_ring, gammafunk_ghost_nasty_kobolds, serial_shops,
          nicolae_shop_behind_doors, serial_bayou_crossing, uniq_pikel

Skill      XL: |  1  2  3  4  5  6 |
---------------+-------------------+-----
Stealth        | 5 6 7 8 |  8.0
Short Blades   | 2 3 4 5 |  5.0
Spellcasting   | 3 |  3.6
Hexes          | 4 |  4.4
Dodging        | |  2.6

Action                   |  1- 3 |  4- 6 || total
-------------------------+-------+-------++-------
Melee: Dagger            |   137 |   161 ||   298
 Cast: Ensorcelled Hiber |     7 |    17 ||    24
       Confusing Touch   |       |     1 ||     1
  Use: Potion            |       |     1 ||     1
       Scroll            |       |     8 ||     8
 Stab: Sleeping          |    15 |    30 ||    45
       Distracted        |     1 |       ||     1
       Confused          |       |     1 ||     1
Armor: Robe              |    13 |    28 ||    41
Dodge: Dodged            |   106 |   138 ||   244
